 Dungeon Crawl Stone Soup version 0.28-a0-674-gdaf460b524 (webtiles) character file.

Game seed: 15049711655204713016

56 demibob the Ducker (level 3, 26/26 HPs)
             Began as a Gnoll Wanderer on Oct 17, 2021.
             Was a Follower of Makhleb.
             Quit the game on level 1 of the Dungeon.
             The game lasted 00:02:04 (1346 turns).

demibob the Ducker (Gnoll Wanderer)                 Turns: 1346, Time: 00:02:04

Health: 26/26      AC:  2    Str: 10    XL:     3   Next: 95%
Magic:  7/7        EV: 13    Int: 10    God:    Makhleb [*.....]
Gold:   8          SH:  0    Dex: 14    Spells: 6/7 levels left

rFire   . . .      SeeInvis .   a - +2 dagger
rCold   . . .      Faith    .   (no shield)
rNeg    . . .      Spirit   .   d - +0 robe
rPois   .          Reflect  .   (no helmet)
rElec   .          Harm     .   (no cloak)
rCorr   .          Rampage  .   (no gloves)
Will    .....                   (no boots)
Stlth   +++.......              (no amulet)
HPRegen 0.08/turn               (no ring)
MPRegen 0.10/turn               (no ring)

@: no status effects
A: fangs 1, strong nose, distributed training
a: Renounce Religion


You were on level 1 of the Dungeon.
You worshipped Makhleb.
Makhleb was aware of your devotion.
You visited 1 branch of the dungeon, and saw 2 of its levels.

You collected 8 gold pieces.


Innate Abilities, Weirdness & Mutations

You have very sharp teeth.
Your uncanny sense of smell can sniff out nearby items.
Your experience applies equally to all skills.


   Skills:
 + Level 1.0 Fighting
 + Level 1.0 Short Blades
 + Level 2.6 Long Blades
 + Level 1.0 Axes
 + Level 1.0 Maces & Flails
 + Level 1.0 Polearms
 + Level 1.0 Staves
 + Level 1.0 Slings
 + Level 1.0 Bows
 + Level 1.0 Crossbows
 + Level 4.6 Throwing
 + Level 1.0 Armour
 + Level 4.6 Dodging
 + Level 4.2 Stealth
 + Level 1.0 Shields
 + Level 1.0 Unarmed Combat
 + Level 2.9 Spellcasting
 + Level 0.7 Conjurations
 + Level 0.7 Hexes
 + Level 2.1 Summonings
 + Level 0.7 Necromancy
 + Level 0.7 Translocations
 + Level 0.7 Transmutations
 + Level 0.7 Fire Magic
 + Level 0.7 Ice Magic
 + Level 0.7 Air Magic
 + Level 0.7 Earth Magic
 + Level 2.1 Poison Magic
 + Level 1.0 Invocations
 + Level 1.0 Evocations


You had 6 spell levels left.
You knew the following spells:

 Your Spells              Type           Power      Damage    Failure   Level
f - Foxfire               Conj/Fire      8%         2x1d4     22%         1

Your spell library contained the following spells:

 Spells                   Type           Power      Damage    Failure   Level
 Conjure Flame            Conj/Fire      2%         6-21      54%         3

Inventory:

Hand Weapons
 a - a +2 dagger (weapon)
Armour
 d - a +0 robe (worn)
Potions
 b - a potion of ambrosia {unknown}
 c - a potion of curing {unknown}

Dungeon Overview and Level Annotations

Branches:
Dungeon (2/15)

Altars:
Makhleb

#.###.#####...#.P.#⚑#...#.
#........###..#.#.#.#.#.#.
#.......†##....P...P......
#........##(..#.#.#.#.#.#.
#.............#...#P#...#.
#..........#.#############
#...#.#....#..... ....
###..........### ....
........@...# ....
###.........# ....
#.........# ....
#.........# ....
#.....$...# ....
#.........# ....
#.........# #S........#


You could see a ball python (asleep).


Message History

The ball python is heavily wounded.
The ball python barely misses you. The ball python completely misses you.
You hit the ball python.
You kill the ball python!
Makhleb accepts your kill.
No target in view!
No target in view!
No target in view!
No target in view!
No target in view!
No target in view!
No target in view!
No target in view!
No target in view!
No target in view!
No target in view!
No target in view!
No target in view!
No target in view!
No target in view!
No target in view!
No target in view!
b - a bubbling pink potion You see here 20 stones.
c - a fizzy yellow potion You see here 20 stones.
A ball python comes into view.
A ball python is nearby!
A ball python is nearby!
Are you sure you want to abandon this character and quit the game? (Confirm with "yes".)

Skill      XL: |  1  2  3 |
---------------+----------+-----
Summonings     | 2 |  2.1
Poison Magic   | 2 |  2.1
Invocations    | 1 |  1.0
Fighting       | 1 |  1.0
Short Blades   | 1 |  1.0
Axes           | 1 |  1.0
Maces & Flails | 1 |  1.0
Polearms       | 1 |  1.0
Staves         | 1 |  1.0
Slings         | 1 |  1.0
Bows           | 1 |  1.0
Crossbows      | 1 |  1.0
Armour         | 1 |  1.0
Shields        | 1 |  1.0
Unarmed Combat | 1 |  1.0
Evocations     | 1 |  1.0
Long Blades    | |  2.6
Throwing       | |  4.6
Dodging        | |  4.6
Stealth        | |  4.2
Spellcasting   | |  2.9
Conjurations   | |  0.7
Hexes          | |  0.7
Necromancy     | |  0.7
Translocations | |  0.7
Transmutations | |  0.7
Fire Magic     | |  0.7
Ice Magic      | |  0.7
Air Magic      | |  0.7
Earth Magic    | |  0.7

Action                   || total
-------------------------++-------
Melee: Dagger            ||   131
       Bite              ||     6
  Use: Potion            ||     2
 Stab: Sleeping          ||     6
       Distracted        ||     1
Armor: Robe              ||    14
       Skin              ||    34
Dodge: Dodged            ||    76

Levels and vault maps discovered:
D:1:      eino_arrival_water_star, layout_basic,
          shapermc_ecumenical_altar_mp_urbaneastern
D:2:      layout_basic, basic_altar, roderic_lattice_a, kennysheep_crisscross,
          chequers_big_river

Notes
Turn   | Place    | Note
-------+----------+-------------------------------------------
     0 | D:1      | demibob the Gnoll Wanderer began the quest for the Orb.
     0 | D:1      | demibob set off with the following items: a +2 dagger, a
                  | potion of haste {@q3}, a potion of lignification, a +0
                  | robe; and the following spell memorised: Foxfire; and the
                  | following spells available to memorise: Conjure Flame
     0 | D:1      | Reached XP level 1. HP: 13/13 MP: 4/4
   141 | D:1      | Reached skill level 2 in Summonings
   141 | D:1      | Reached skill level 2 in Poison Magic
   181 | D:1      | Reached XP level 2. HP: 13/19 MP: 5/5
   323 | D:1      | HP: 3/30 [bat (1)]
   658 | D:1      | You fall into a shaft and drop 1 floor!
   851 | D:2      | Reached XP level 3. HP: 23/25 MP: 7/7
   988 | D:2      | Reached skill level 1 in Invocations
  1306 | D:1      | Reached skill level 1 in Fighting
  1306 | D:1      | Reached skill level 1 in Short Blades
  1306 | D:1      | Reached skill level 1 in Axes
  1306 | D:1      | Reached skill level 1 in Maces & Flails
  1306 | D:1      | Reached skill level 1 in Polearms
  1306 | D:1      | Reached skill level 1 in Staves
  1306 | D:1      | Reached skill level 1 in Slings
  1306 | D:1      | Reached skill level 1 in Bows
  1306 | D:1      | Reached skill level 1 in Crossbows
  1306 | D:1      | Reached skill level 1 in Armour
  1306 | D:1      | Reached skill level 1 in Shields
  1306 | D:1      | Reached skill level 1 in Unarmed Combat
  1306 | D:1      | Reached skill level 1 in Evocations
  1309 | D:1      | Found a faded altar of an unknown god.
  1312 | D:1      | Prayed at the altar of an unknown god.
  1312 | D:1      | Became a worshipper of Makhleb the Destroyer
  1312 | D:1      | Reached * piety under Makhleb
  1346 | D:1      | Quit the game

Vanquished Creatures
  2 adders (D:2)
  2 dart slugs (D:1)
  5 bats
  3 endoplasms (D:1)
  A giant cockroach (D:1)
  2 hobgoblins
  4 jackals (D:2)
  2 quokkas
  2 ball pythons (D:1)
  2 frilled lizards
  5 kobolds
  2 rats
32 creatures vanquished.

Vanquished Creatures (others)
  A fungus (D:1)
  14 plants
15 creatures vanquished.

Grand Total: 47 creatures vanquished

Table legend: (Time is in decaauts)
 A = Elapsed time spent in this place.
 B = Non-inter-level travel time spent in this place.
 C = Inter-level travel time spent in this place.
 D = Time resting spent in this place.
 E = Time spent auto-exploring this place.
 F = Levels seen in this place.
 G = Mean time per level.
                   A        B        C        D        E       F      G
               +--------+--------+--------+--------+--------+-----+--------+
         Total |   1331 |   1331 |      0 |    537 |    483 |   2 |  665.5 |
       Dungeon |   1331 |   1331 |      0 |    537 |    483 |   2 |  665.5 |
               +--------+--------+--------+--------+--------+-----+--------+

Top non-repeatable levels by time:
     D:1: 796 daAuts
     D:2: 535 daAuts

Table legend:
 A = Non-vault XP
 B = Vault XP
 C = Vault XP percentage of total XP
 D = Non-vault monster count
 E = Vault monster count
 F = Vault count percentage of total count
                 A         B        C        D         E       F
            +---------+---------+-------+---------+---------+-------
      Total |      80 |       0 |   0.0 |      32 |       0 |   0.0
            +---------+---------+-------+---------+---------+-------
        D:1 |      35 |       0 |   0.0 |      19 |       0 |   0.0
        D:2 |      45 |       0 |   0.0 |      13 |       0 |   0.0
            +---------+---------+-------+---------+---------+-------
